 Dungeon Crawl Stone Soup version 0.27.0-1-g7a089689b8 (webtiles) character file.

Game seed: 18205263853600964747

55260 Strat the Severer (level 14, -8/132 HPs)
             Began as a Deep Dwarf Fighter on Aug 10, 2021.
             Was the Champion of Makhleb.
             Mangled by a freezing wraith (16 damage)
             ... on level 10 of the Dungeon.
             The game lasted 00:47:08 (10526 turns).

Strat the Severer (Deep Dwarf Fighter)             Turns: 10526, Time: 00:47:09

Health: -8/132     AC: 20    Str: 31    XL:     14   Next: 37%
Magic:  16/16 (7)  EV:  9    Int:  9    God:    Makhleb [******]
Gold:   2111       SH: 13    Dex: 12    Spells: 13/13 levels left

rFire    . . .     SeeInvis .   E - +6 broad axe (vorpal)
rCold    . . .     Faith    .   c - +0 kite shield
rNeg     + . .     Spirit   .   I - +0 swamp dragon scales
rPois    +         Reflect  .   h - +2 helmet
rElec    .         Harm     .   m - +2 cloak
rCorr    .         Rampage  .   (no gloves)
Will     ++...                  q - +2 pair of boots {Stlth+}
Stlth    ++........             r - amulet of the acrobat
HPRegen  0.00/turn              v - ring of magical power
MPRegen  0.15/turn              u - +6 ring of strength

@: slowed, very slow
A: damage resistance, heal wounds, negative energy resistance 1, sense
surroundings 2, no regeneration
a: Heal Wounds, Renounce Religion, Minor Destruction, Lesser Servant of Makhleb,
Major Destruction, Greater Servant of Makhleb


You were on level 10 of the Dungeon.
You worshipped Makhleb.
Makhleb was exalted by your worship.
You visited 4 branches of the dungeon, and saw 19 of its levels.
You also visited: Sewer.

You collected 2111 gold pieces.

Inventory:

Hand Weapons
 a - a +1 war axe of electrocution
 b - a +0 hunting sling
 E - a +6 vorpal broad axe (weapon)
Missiles
 j - 350 stones
 t - 90 sling bullets
 x - 3 silver boomerangs
 C - 7 javelins
Armour
 c - a +0 kite shield (worn)
 g - +0 fire dragon scales
 h - a +2 helmet (worn)
 m - a +2 cloak (worn)
 q - a +2 pair of boots of stealth (worn)
 I - +0 swamp dragon scales (worn)
Jewellery
 p - a ring of ice
 r - an amulet of the acrobat (around neck)
 u - a +6 ring of strength (right hand)
 v - a ring of magical power (left hand)
 G - an amulet of magic regeneration
Wands
 f - a wand of paralysis (9)
 o - a wand of polymorph (9)
 y - a wand of digging (7)
 D - a wand of charming (8)
Scrolls
 l - 5 scrolls of teleportation
 s - 2 scrolls of enchant armour
 A - a scroll of magic mapping
 F - 7 scrolls of identify
Potions
 d - 2 potions of haste
 e - 3 potions of flight
 i - 2 potions of curing
 k - 2 potions of cancellation
 n - a potion of lignification
 z - 2 potions of brilliance
 B - 3 potions of heal wounds
 H - 2 potions of mutation
Miscellaneous
 w - a condenser vane


   Skills:
 + Level 10.2 Fighting
 - Level 18.0 Axes
 - Level 10.0 Armour
 + Level 10.3 Shields
 + Level 12.1 Invocations


You had 13 spell levels left.
You didn't know any spells.
Your spell library contained the following spells:

 Spells                   Type           Power      Damage    Failure   Level
 Static Discharge         Conj/Air       0%         N/A       83%         2
 Ozocubu's Armour         Ice            0%         N/A       96%         3
 Portal Projectile        Hex/Tloc       0%         N/A       96%         3
 Blade Hands              Tmut           0%         N/A       100%        5
 Excruciating Wounds      Necr           0%         N/A       100%        5
 Lightning Bolt           Conj/Air       0%         1d11      100%        5
 Conjure Ball Lightning   Conj/Air       0%         3x3d6     100%        6
 Ozocubu's Refrigeration  Ice            0%         4d5       100%        7
 Discord                  Hex            0%         N/A       100%        8
 Disjunction              Tloc           0%         N/A       100%        8
 Maxwell's Capacitive Co  Air            0%         ∞         100%        8


Dungeon Overview and Level Annotations

Branches:
Dungeon (10/15)            Temple (1/1) D:7            Lair (6/6) D:8
 Shoals (0/4) Lair:4        Snake (0/4) Lair:3        Slime (0/5) Lair:5
    Orc (2/2) D:9             Elf (0/3) Orc:2         Sewer (visited)

Altars:
Ashenzari
Elyvilon
Gozag
Kikubaaqudgha
Makhleb
Nemelex Xobeh
Okawaru
Qazlal
Ru
Vehumet
Wu Jian
Xom
Yredelemnul
Zin
The Shining One
Beogh
Jiyva

Shops:
D:5 =   Orc:2 [(:*

Annotations:
Lair:5 1 runed translucent door, Wolly's ghost, journeyman CeAM
Lair:6 exclusion: oklob plant


Innate Abilities, Weirdness & Mutations

You are resistant to damage.
You can heal yourself by infusing magical energy.
You resist negative energy. (rN+)
You passively map the area around you.
You do not regenerate.


Message History

You block the freezing wraith's attack. The ogre mage hits you with a +0 flail!
* * * LOW HITPOINT WARNING * * *
The freezing wraith hits you!
* * * LOW HITPOINT WARNING * * *
The freezing wraith freezes you!
* * * LOW HITPOINT WARNING * * *
The freezing wraith completely misses you.
The orc knight hits you but does no damage.
The freezing wraith hits you but does no damage.
You block the freezing wraith's attack.
The ogre mage hits you but does no damage.
You slash the freezing wraith!
The freezing wraith is severely damaged.
You slash the orc knight!
You kill the orc knight!
Makhleb accepts your kill.
You hit the ogre mage. You slash the freezing wraith!
The freezing wraith hits you.
* * * LOW HITPOINT WARNING * * *
The freezing wraith freezes you!!
* * * LOW HITPOINT WARNING * * *
The freezing wraith barely misses you. You block the freezing wraith's attack.
The freezing wraith hits you but does no damage.
The ogre mage gestures at you while chanting.
You resist with almost no effort.
You hit the freezing wraith.
The freezing wraith is severely damaged.
You slash the freezing wraith! You slash the ogre mage!
You slash the acid dragon! You block the freezing wraith's attack.
The freezing wraith hits you.
* * * LOW HITPOINT WARNING * * *
The freezing wraith hits you. The freezing wraith freezes you!
* * * LOW HITPOINT WARNING * * *
The freezing wraith hits you but does no damage.
The ogre mage hits you with a +0 flail!
* * * LOW HITPOINT WARNING * * *
The freezing wraith hits you.
* * * LOW HITPOINT WARNING * * *
The freezing wraith freezes you!!
You die...

.#######..)###...#,
..........#..## . *
* ######...#...###
, **, ,, , *
#...#..#..#** , **
* , #...#..#..# * *
, * #...#.#..#..# ,
, * ##..#.#..#..# *
, , , ,,,
#..##WW#..##.## , *
, *
##.##@.####ZW#.*, ,
, .#DO###:)|.##,* *
, , ,
.#OZWZ..##(#.# , ,
,,* *
,.#.T###..}.##. ,*
,#.##D###.} . * , *
,#. ...##. , * *,#.
...... * * * * * #.
,.##... ** * , , ,
, , ,


You could see a five-headed hydra, a two-headed ogre, an ogre mage, 2 freezing
wraiths, a troll, a wraith, an acid dragon, a centaur simulacrum and a centaur
warrior zombie.

Vanquished Creatures
  An orc warlord (Orc:2)
  3 ettins
  2 fire dragons (Lair:6)
  Fannar (Orc:1)
  A hydra (Lair:6)
  2 two-headed ogres
  7 death yaks
  An orc knight (D:10)
  2 lindwurms
  A cyclops (Orc:2)
  4 orc sorcerers
  22 elephants
  4 black mambas
  Joseph (D:7)
  5 torpor snails (Lair:6)
  4 rime drakes
  15 cane toads
  An efreet (D:10)
  A yaktaur (D:10)
  4 komodo dragons
  A freezing wraith (D:10)
  A polar bear (Lair:6)
  2 trolls (Orc:2)
  6 hornets (Lair:6)
  Prince Ribbit (D:6)
  3 blink frogs (Lair:3)
  Grinder (D:3)
  4 tyrant leeches (Lair:6)
  A snapping turtle (Lair:4)
  A wraith (D:9)
  Sigmund (D:6)
  2 wyverns (Lair:5)
  2 basilisks
  32 yaks
  A vampire mosquito (D:10)
  2 fire bats (Lair:4)
  A steam dragon (Lair:6)
  5 wargs
  Edmund (D:6)
  21 water moccasins
  5 acid dragons
  27 orc warriors
  A black bear (Lair:3)
  Purgy (Sewer)
  8 ogres
  2 ice beasts (D:6)
  A hornet zombie (D:8)
  13 wolves
  2 necrophages
  4 centaurs
  2 phantoms
  13 bullfrogs
  4 scorpions
  A gnoll sergeant (D:6)
  A wyvern zombie (D:9)
  11 killer bees
  An electric eel (Lair:4)
  3 wights (D:9)
  A lava snake (Lair:4)
  A bullfrog zombie (D:5)
  6 centaur zombies
  2 hounds (D:5)
  18 orc priests
  2 centaur skeletons
  3 jellies
  Jessica (D:3)
  9 iguanas
  6 hell rats (Lair:2)
  17 orc wizards
  A killer bee zombie (D:8)
  4 howler monkey zombies
  5 adders
  5 gnolls (D:6)
  3 white imps
  An ufetubus (D:5)
  2 worms (D:5)
  2 dart slugs
  58 orcs
  4 bats
  4 endoplasms (D:2)
  3 giant cockroaches (D:1)
  3 goblins
  4 hobgoblins
  13 jackals (D:2)
  A quokka (D:5)
  6 ball pythons
  6 frilled lizards
  7 kobolds
  2 rats (D:2)
471 creatures vanquished.

Vanquished Creatures (collateral kills)
  A swamp dragon (Lair:6)
1 creature vanquished.

Vanquished Creatures (others)
  A bush (Lair:4)
  49 fungi
  102 plants
152 creatures vanquished.

Grand Total: 624 creatures vanquished

Notes
Turn   | Place    | Note
-------+----------+-------------------------------------------
     0 | D:1      | Strat the Deep Dwarf Fighter began the quest for the Orb.
     0 | D:1      | Reached XP level 1. HP: 20/20 MP: 1/1
   238 | D:1      | Reached XP level 2. HP: 24/27 MP: 2/2
   302 | D:1      | Reached skill level 3 in Axes
   699 | D:2      | Reached XP level 3. HP: 26/34 MP: 3/3
  1111 | D:2      | Reached skill level 4 in Axes
  1178 | D:3      | Noticed Grinder
  1186 | D:3      | Paralysed by Grinder for 6 turns
  1207 | D:3      | Paralysed by Grinder for 5 turns
  1220 | D:3      | Paralysed by Grinder for 7 turns
  1244 | D:3      | Killed Grinder
  1245 | D:3      | Reached skill level 5 in Axes
  1245 | D:3      | Reached XP level 4. HP: 6/44 MP: 3/3
  1245 | D:3      | Reached XP level 5. HP: 7/50 MP: 4/4
  1272 | D:3      | Noticed Jessica
  1279 | D:3      | Killed Jessica
  1280 | D:3      | Reached XP level 6. HP: 52/57 MP: 4/4
  1353 | D:4      | Reached skill level 6 in Axes
  1645 | D:4      | You fall into a shaft and drop 1 floor!
  1645 | D:5      | Entered Level 5 of the Dungeon
  1645 | D:5      | Found a glowing drain.
  1700 | Sewer    | Entered a sewer
  1780 | Sewer    | Noticed Purgy
  1785 | Sewer    | Killed Purgy
  1786 | Sewer    | Reached skill level 7 in Axes
  1786 | Sewer    | Reached XP level 7. HP: 35/66 MP: 5/5
  1911 | D:5      | Found Usemuf's Jewellery Shoppe.
  1965 | D:5      | Reached skill level 5 in Fighting
  2044 | D:5      | Reached skill level 8 in Axes
  2424 | D:6      | Found a broken altar of Ashenzari.
  2424 | D:6      | Found a stormy altar of Qazlal.
  2425 | D:6      | Found an ancient bone altar of Kikubaaqudgha.
  2440 | D:6      | Noticed Prince Ribbit
  2441 | D:6      | Noticed Edmund
  2603 | D:6      | Killed Edmund
  2604 | D:6      | Reached XP level 8. HP: 53/76 MP: 6/6
  2701 | D:6      | Noticed Sigmund
  2721 | D:6      | Killed Sigmund
  2722 | D:6      | Reached skill level 9 in Axes
  2913 | D:6      | Reached skill level 10 in Axes
  2951 | D:6      | Killed Prince Ribbit
  3327 | D:6      | Gained mutation: You passively map the area around you.
                  | [Deep Dwarf growth]
  3327 | D:6      | Reached XP level 9. HP: 45/85 MP: 6/6
  3472 | D:7      | Reached skill level 11 in Axes
  3520 | D:7      | Found a white marble altar of Elyvilon.
  3554 | D:7      | Noticed Joseph
  3586 | D:7      | Killed Joseph
  3804 | D:7      | Found a staircase to the Ecumenical Temple.
  3813 | Temple   | Entered the Ecumenical Temple
  3854 | Temple   | Became a worshipper of Makhleb the Destroyer
  4226 | D:8      | Reached skill level 12 in Axes
  4308 | D:8      | Found a staircase to the Lair.
  4361 | D:8      | Reached XP level 10. HP: 59/96 MP: 7/7
  4404 | D:8      | Found a basalt altar of Yredelemnul.
  4494 | D:8      | Reached * piety under Makhleb
  4722 | D:8      | Found a glowing golden altar of the Shining One.
  4734 | D:8      | Found a sacrificial altar of Ru.
  4790 | Lair:1   | Entered Level 1 of the Lair of Beasts
  4790 | Lair:1   | Noticed a cane toad
  4804 | Lair:1   | Killed a cane toad
  4805 | Lair:1   | Reached skill level 5 in Armour
  4836 | Lair:1   | Reached skill level 13 in Axes
  5082 | Lair:3   | Noticed an elephant
  5121 | Lair:3   | Killed an elephant
  5139 | Lair:3   | Reached skill level 5 in Shields
  5174 | Lair:3   | Found a staircase to the Snake Pit.
  5197 | Lair:3   | Noticed a cane toad
  5204 | Lair:3   | Killed a cane toad
  5274 | Lair:4   | Noticed a cane toad
  5284 | Lair:4   | Killed a cane toad
  5285 | Lair:4   | Reached XP level 11. HP: 55/104 MP: 7/7
  5400 | Lair:6   | Entered Level 6 of the Lair of Beasts
  5507 | Lair:5   | Reached skill level 14 in Axes
  5532 | Lair:5   | Noticed an eight-headed hydra
  5541 | Lair:5   | Noticed a death yak
  5541 | Lair:5   | Noticed an eight-headed hydra
  5541 | Lair:5   | Noticed a death yak
  5561 | Lair:5   | Noticed a lindwurm
  5567 | Lair:5   | Killed a lindwurm
  5603 | Lair:5   | Found a runed translucent door.
  5619 | Lair:5   | Reached ** piety under Makhleb
  5643 | Lair:5   | Identified the +7 shortbow "Goly" {vorpal, Will- rCorr
                  | Dex+3 Stlth+}
  6084 | Lair:2   | Reached skill level 15 in Axes
  6090 | Lair:2   | Reached XP level 12. HP: 116/116 MP: 5/5
  6158 | Lair:2   | Noticed a five-headed hydra
  6285 | Lair:2   | Noticed an eight-headed hydra
  6291 | Lair:2   | Reached *** piety under Makhleb
  6390 | Lair:2   | Reached skill level 10 in Fighting
  6498 | Lair:3   | Identified the +1 scale mail of Unajek {+Blink Regen+ SInv
                  | Stlth+}
  6760 | Lair:3   | Noticed a six-headed hydra
  6837 | Lair:4   | Noticed a death yak
  6838 | Lair:4   | Noticed a death yak
  6838 | Lair:4   | Noticed a death yak
  6838 | Lair:4   | Noticed a death yak
  6852 | Lair:4   | Noticed a death yak
  6853 | Lair:4   | Noticed a death yak
  6858 | Lair:4   | Killed a death yak
  6868 | Lair:4   | Killed a death yak
  6876 | Lair:4   | Killed a death yak
  6877 | Lair:4   | Reached skill level 16 in Axes
  6885 | Lair:4   | Killed a death yak
  6890 | Lair:4   | Killed a death yak
  6896 | Lair:4   | Killed a death yak
  7225 | Lair:4   | Found a staircase to the Shoals.
  7232 | Lair:4   | Reached skill level 1 in Invocations
  7367 | Lair:5   | Found a viscous altar of Jiyva.
  7368 | Lair:5   | Found a staircase to the Slime Pits.
  7393 | Lair:5   | Noticed Wolly's ghost (journeyman CeAM)
  7456 | Lair:6   | Reached XP level 13. HP: 88/123 MP: 6/6
  7511 | Lair:6   | Reached **** piety under Makhleb
  7517 | Lair:6   | Reached skill level 10 in Armour
  7849 | Lair:6   | Found a runed translucent door.
  7849 | Lair:6   | Noticed a fire dragon
  7864 | Lair:6   | Reached skill level 17 in Axes
  7898 | Lair:6   | Killed a fire dragon
  7957 | Lair:6   | Reached skill level 10 in Shields
  7964 | Lair:6   | Reached skill level 5 in Invocations
  8466 | Lair:6   | Noticed a fire dragon
  8488 | Lair:6   | Killed a fire dragon
  8757 | D:9      | Found a staircase to the Orcish Mines.
  8761 | D:9      | Reached ***** piety under Makhleb
  8859 | Orc:1    | Entered Level 1 of the Orcish Mines
  8859 | Orc:1    | Found a shimmering altar of Xom.
  8860 | Orc:1    | Noticed an ettin
  8873 | D:9      | Killed an ettin
  8874 | D:9      | Reached skill level 18 in Axes
  8909 | Orc:1    | Noticed an ettin
  8928 | Orc:1    | Killed an ettin
  8944 | Orc:1    | Noticed Fannar
  8962 | Orc:1    | Killed Fannar
  9003 | Orc:1    | Gained mutation: You resist negative energy. (rN+) [Deep
                  | Dwarf growth]
  9003 | Orc:1    | Reached XP level 14. HP: 107/132 MP: 8/8
  9167 | Orc:2    | Entered Level 2 of the Orcish Mines
  9167 | Orc:2    | Found a staircase to the Elven Halls.
  9255 | Orc:2    | Reached skill level 10 in Invocations
  9490 | Orc:2    | Found Petagid's Book Shoppe.
  9621 | Orc:2    | Noticed an orc warlord
  9639 | Orc:2    | Reached ****** piety under Makhleb
  9665 | Orc:2    | Killed an orc warlord
  9784 | Orc:2    | Found Linehaocu's Antique Weapon Shop.
  9790 | Orc:2    | Found Sothruytt's Antique Armour Boutique.
  9907 | Orc:2    | Found Nyecset's Assorted Antiques.
 10189 | D:9      | Found an iron altar of Okawaru.
 10423 | D:10     | Entered Level 10 of the Dungeon
 10526 | D:10     | Mangled by a freezing wraith

Illustrated notes

Levels and vault maps discovered:
D:1:      eino_arrival_tree_alley, layout_loops_corners, glass_columns_a,
          minmay_misc_feat_secret_circle
D:2:      layout_basic, basic_ecumenical_altar, serial_bayou_pond_e
D:3:      layout_loops_ring, kennysheep_flooded_box, uniq_crazy_yiuf_cottage,
          uniq_grinder, uniq_ijyb, uniq_jessica
D:4:      layout_loops_ring, fedhas_altar_4, tgw_trog
D:5:      layout_basic, serial_shops, shop, cheibrodos_sewer_entry_bend
D:6:      layout_basic, chequers_temple_overflow_statue_of_worship, uniq_edmund,
          uniq_sigmund, uniq_prince_ribbit1
D:7:      layout_rooms, lemuel_coloured_pillars_altar,
          nicolae_overflow_crystal_walls, lemuel_temple_firewalk_b,
          minmay_misc_feat_more_columns, uniq_joseph
D:8:      layout_basic, nicolae_yredelemnul_corpse_copse,
          mainiacjoe_overflow_swirl, due_lair_maze_entry_diamond
D:9:      layout_roguey, okawaru_metal_pillars_1_2, erik_orc_3
D:10:     minmay_the_grid_triangle_9x9_recursive_2_mashed
          [minmay_the_grid_triangle_9x9_prize_insulated,
          minmay_the_grid_triangle_9x9_odd_lines,
          minmay_the_grid_triangle_9x9_dagger,
          minmay_the_grid_triangle_9x9_checkered], layout_loops_ring,
          nicolae_sif_muna_condensation, chequers_serial_rivers_small_3
Temple:   jpeg_temple_alley_garden
Lair:1:   layout_layer_cave, gauntlet_entry_generic, minivault_23
Lair:2:   layout_regular_city, grunt_megastairs_4
Lair:3:   layout_long_grid, dummy_snake_entry, beast_lair_carwin_7
Lair:4:   layout_gridlike, minmay_shoals_entry_hut, minmay_hedge_maze,
          chequers_serial_rivers_micro_b, minivault_23
Lair:5:   layout_misc_corridors, dpeg_slime_entry_enclosed_altar,
          ebering_ghost_inner_flame, hangedman_lair_generics_rect,
          grunt_megastairs_3
Lair:6:   wormcave, layout_regular_city, guppyfry_lair_end_dragon, worms_lemuel,
          infiniplex_staircase_pool_2, minmay_lair_oklob_chamber,
          grunt_megastairs_2
Orc:1:    layout_caves, basic_altar, uniq_fannar
Orc:2:    grunt_orc_community_town_hall, layout_caves,
          grunt_orc_community_big_house_2, grunt_orc_community_big_house_1,
          grunt_orc_community_house_3, grunt_orc_community_house_2,
          grunt_orc_community_house_2, grunt_orc_community_house_2,
          grunt_orc_community_house_2, basic_altar

Skill      XL: |  1  2  3  4  5  6  7  8  9 10 11 12 13 14 |
---------------+-------------------------------------------+-----
Axes           | 3 5 7 8 10 12 13 15 16 18 | 18.0
Fighting       | 3 4 5 6 8 9 10 | 10.2
Armour         | 4 6 8 9 10 | 10.0
Shields        | 5 7 9 10 | 10.3
Invocations    | 1 9 12 | 12.1

Action                   |  1- 3 |  4- 6 |  7- 9 | 10-12 | 13-15 || total
-------------------------+-------+-------+-------+-------+-------++-------
Melee: War axe           |   151 |    80 |   235 |   152 |       ||   618
       Broad axe         |       |       |       |   303 |   591 ||   894
 Fire: Hunting sling     |    10 |       |       |       |       ||    10
Invok: Major Destruction |       |       |       |       |     5 ||     5
       Lesser Servant of |       |       |       |       |     1 ||     1
 Abil: Heal Wounds       |     6 |     2 |     7 |    18 |    21 ||    54
Evoke: Wand              |       |       |     3 |     1 |     1 ||     5
  Use: Scroll            |       |     2 |    10 |    16 |     4 ||    32
       Potion            |       |     1 |       |       |     1 ||     2
 Stab: Sleeping          |       |       |       |       |     1 ||     1
       Paralysed         |       |       |       |       |     3 ||     3
Armor: Scale mail        |    77 |    33 |    58 |       |       ||   168
       Plate armour      |       |       |    64 |   349 |    86 ||   499
       Swamp dragon scal |       |       |       |       |   123 ||   123
Dodge: Dodged            |    58 |    27 |    58 |   125 |   137 ||   405
Block: Kite shield       |    76 |    40 |   119 |   276 |   316 ||   827
